 Dungeon Crawl Stone Soup version 0.15.2 (webtiles) character file.

65 PolkaDot the Caller (level 3, -7/24 HPs)
             Began as a Vampire Summoner on Nov 17, 2014.
             Killed from afar by an orc wizard (9 damage)
             ... with a magic dart
             ... on Level 3 of the Dungeon.
             The game lasted 00:05:27 (1996 turns).

PolkaDot the Caller (Vampire Summoner)              Turns: 1996, Time: 00:05:27

HP  -7/24        AC  2     Str  7      XL: 3   Next: 94%
MP   0/6         EV 13     Int 18      God:
Gold 120         SH  0     Dex 16      Spells:  3 memorised,  1 level left

rFire  . . .     SeeInvis +     d - +0 spear
rCold  . . .     Clarity  .     a - +0 robe
rNeg   . . .     rCorr    .     (no shield)
rPois  .         rRot     .     (no helmet)
rElec  .         Spirit   .     (no cloak)
SustAb .         Warding  .     (no gloves)
rMut   .         Stasis   .     (no boots)
Gourm  .                        l - amulet of rage
MR     .....                    (no ring)
                                g - +2 ring of dexterity

@: very slightly contaminated, regenerating quickly, hasted, very quick, not
resistant to hostile enchantments, fairly stealthy
A: fangs 3, see invisible, unbreathing
a: Evoke Berserk Rage


You were on level 3 of the Dungeon.
You were very full.

You visited 1 branch of the dungeon, and saw 3 of its levels.

You collected 120 gold pieces.

Inventory:

Hand weapons
 d - a +0 spear (weapon)
Armour
 a - a +0 robe (worn)
Magical devices
 j - a wand of digging (16)
Jewellery
 f - an uncursed amulet of resist corrosion
 g - a +2 ring of dexterity (left hand)
 l - an amulet of rage (around neck)
Potions
 c - a potion of haste
Books
 b - a book of Callings

   Spells                             Type                      Level
   *Summon Small Mammal               Summoning                    1
   *Call Imp                          Summoning                    2
   *Call Canine Familiar              Summoning                    3
   Summon Guardian Golem              Hexes/Summoning              4
   Summon Lightning Spire             Summoning/Air                4
   Summon Ice Beast                   Ice/Summoning                4


   Skills:
 - Level 2.1 Dodging
 - Level 3.0 Stealth
 - Level 2.9 Spellcasting
 * Level 5.0 Summonings
 + Level 0.0 Evocations


You had one spell level left.
You knew the following spells:

 Your Spells              Type           Power        Failure   Level  Hunger
a - Summon Small Mammal   Summ           ###.         1%          1    None
d - Call Canine Familiar  Summ           ###.....     10%         3    ###....
s - Call Imp              Summ           ###.....     3%          2    ##.....


Dungeon Overview and Level Annotations

Branches:
Dungeon (3/15)

Altars:


Innate Abilities, Weirdness & Mutations

Your natural rate of healing is unusually fast.
You have razor-sharp teeth.
You have supernaturally acute eyesight.
You can survive without breathing.


Message History

Attack whom?
Press: ? - help, Dir - move target cursor, f/p - orc wizard
Aim: an orc wizard, wielding a runed dagger and wearing a robe (lightly wounded, fast)
You could not reach far enough!
Your hound bites the orc wizard but does no damage.
The orc wizard hits your hound with a runed dagger.
Your hound closely misses the orc wizard.
Read which item? (? for menu, Esc to quit)
Okay, then.
Drink which item? (? for menu, Esc to quit)
Okay, then.
A bat comes into view.
The orc wizard hits your hound with a runed dagger.
Your hound dies!
Your hound's corpse disappears in a puff of smoke!
Your crimson imp hits the orc wizard but does no damage.
A giant mite comes into view.
The orc wizard points at you and mumbles some strange words.
The magic dart hits you!
You die...

#
#.##.##........%'......
.....
#.......#####...###.###
......#####.#..# #...#
#.# #......+........#
#...# #.#
#......##.####..# #####
#.# ...... #.## #..####
#.# .... #..# #.....#
#.# ####.###.5####..#.#
#.# #.(...)).o§..@....#
#.#
###?.####.####>.....#
#.%# #.# ..##..# #..#
#.# ..b. # ..... ..#
.###. ##.#... ..# .# s
#.#o##.### .. #...# >#
## #.#.# #


You could see an orc wizard, a giant mite (sleeping), a bat (sleeping) and a
friendly crimson imp.

Vanquished Creatures
  2 giant geckos
  An ooze (D:1)
  An orc (D:3)
  A ball python (D:1)
  7 bats
  A giant cockroach (D:2)
  3 goblins
  3 hobgoblins (D:1)
  4 jackals (D:3)
  5 kobolds
  3 giant newts
  4 rats
35 creatures vanquished.

Vanquished Creatures (collateral kills)
  3 adders (D:2)
  An orc (D:3)
  A rat (D:3)
5 creatures vanquished.

Vanquished Creatures (others)
  A hound (D:3)
1 creature vanquished.

Grand Total: 41 creatures vanquished

Notes
Turn   | Place    | Note
--------------------------------------------------------------
     0 | D:1      | PolkaDot, the Vampire Summoner, began the quest for the Orb.
     0 | D:1      | Reached XP level 1. HP: 13/13 MP: 3/3
   258 | D:1      | Reached XP level 2. HP: 13/19 MP: 4/4
   884 | D:2      | Learned a level 2 spell: Call Imp
   989 | D:2      | Reached XP level 3. HP: 18/24 MP: 6/6
  1350 | D:2      | Learned a level 3 spell: Call Canine Familiar
  1977 | D:3      | HP: 1/24 [orc/dagger (6)]
  1978 | D:3      | Reached skill level 5 in Summonings
  1990 | D:3      | HP: 1/24 [orc wizard/runed dagger (2)]
  1996 | D:3      | Killed from afar by an orc wizard

Action                   || total
-------------------------++-------
Melee: Spear             ||   156
       Unarmed           ||    13
       Trident           ||    27
 Cast: Summon Small Mamm ||     3
       Call Canine Famil ||     5
       Call Imp          ||     2
Evoke: Wand              ||     1
  Use: Potion            ||     7
       Scroll            ||     5
 Stab: Sleeping          ||     7
  Eat: Corpse            ||    16
